 Dungeon Crawl Stone Soup version 0.17.0-28-g6e173f8 (webtiles) character file.

3643 septik the Grappler (level 9, -7/80 HPs)
             Began as a Troll Monk on Nov 24, 2015.
             Was a High Priest of Nemelex Xobeh.
             Mangled by a hog (9 damage)
             ... on level 9 of the Dungeon.
             The game lasted 00:20:51 (6571 turns).

septik the Grappler (Troll Monk)                    Turns: 6571, Time: 00:20:51

Health: -7/80      AC:  6    Str: 23    XL:     9   Next: 88%
Magic:  13/13      EV: 10    Int:  6    God:    Nemelex Xobeh [*****.]
Gold:   383        SH:  0    Dex: 15    Spells: 0 memorised, 8 levels left

rFire  . . .     SeeInvis .       - Unarmed
rCold  . . .     Clarity  .     a - +1 robe
rNeg   . . .     SustAt   .     (no shield)
rPois  .         Gourm    +     (helmet restricted)
rElec  .         Spirit   .     (no cloak)
rCorr  .         Warding  .     (gloves unavailable)
rMut   .         Stasis   .     (boots unavailable)
MR     .....                    (no amulet)
Stlth  ++........               e - +2 ring of strength
                                (no ring)

@: not resistant to hostile enchantments, unstealthy
A: unfitting armour, claws 3, fast metabolism 3, gourmand, regeneration 2,
shaggy fur 1, tough skin 2
a: Triple Draw, Deal Four, Stack Five, Renounce Religion


You were on level 9 of the Dungeon.
You worshipped Nemelex Xobeh.
Nemelex Xobeh was extremely pleased with you.
You were very full.

You visited 2 branches of the dungeon, and saw 10 of its levels.

You collected 516 gold pieces.
You spent 133 gold pieces at shops.

Inventory:

Hand Weapons
 k - a +0 hunting sling
Missiles
 g - 240 stones (quivered)
 p - 53 sling bullets
 r - 14 javelins
Armour
 a - a +1 robe (worn)
Jewellery
 e - a +2 ring of strength (right claw)
Wands
 y - a wand of fire (6)
 M - a wand of disintegration (12)
Scrolls
 f - 4 scrolls of identify
 o - a scroll of enchant weapon {unknown}
 t - 2 scrolls of fear {unknown}
 v - 3 scrolls of noise {unknown}
 z - a scroll of recharging
 A - 3 scrolls of teleportation
 F - 3 scrolls of remove curse
 K - a scroll of enchant armour
 L - a scroll of random uselessness {unknown}
Potions
 d - 3 potions of magic
 h - 3 potions of curing {unknown}
 j - a potion of berserk rage {unknown}
 l - 4 potions of heal wounds {unknown}
 m - 2 potions of might {unknown}
 q - 2 potions of mutation {unknown}
 w - a potion of degeneration {unknown}
 D - a potion of agility {unknown}
Books
 u - a book of Party Tricks

   Spells                             Type                      Level
   a - Summon Butterflies             Summoning                    1
   b - Apportation                    Translocation                1
   c - Tukima's Dance                 Hexes                        3
   d - Alistair's Intoxication        Transmutation/Poison         4
   e - Invisibility                   Hexes                        6
 C - a book of the Earth

   Spells                             Type                      Level
   a - Leda's Liquefaction            Hexes/Earth                  4
   b - Bolt of Magma                  Conjuration/Fire/Earth       5
   c - Statue Form                    Transmutation/Earth          6
   d - Iron Shot                      Conjuration/Earth            6
   e - Shatter                        Earth                        9
Miscellaneous
 i - a plain deck of destruction {drawn: 3}
 s - a plain deck of war
 x - a plain deck of destruction
 B - an ornate deck of destruction {drawn: 2}
 E - a legendary deck of escape
 G - an ornate deck of escape
 I - a legendary deck of destruction {drawn: 2}
Comestibles
 b - 8 bread rations
 c - 3 meat rations
 n - 15 fruits
 H - a slice of pizza
 J - a chunk of flesh


   Skills:
 - Level 2.4 Fighting
 - Level 2.4 Dodging
 - Level 1.1 Stealth
 + Level 11.5 Unarmed Combat
 + Level 6.8 Evocations


You had 8 spell levels left.
You didn't know any spells.

Dungeon Overview and Level Annotations

Branches:
Dungeon (9/15)             Temple (1/1) D:4
   Lair: D:8-11         Orc: D:9-12

Altars:
Ashenzari
Cheibriados
Dithmenos
Elyvilon
Fedhas
Gozag
Kikubaaqudgha
Makhleb
Nemelex Xobeh
Okawaru
Qazlal
Ru
Sif Muna
Trog
Vehumet
Xom
Yredelemnul
Zin
The Shining One

Shops:
D:6 }[?

Annotations:
D:2 Terence


Innate Abilities, Weirdness & Mutations

You are too large for most types of armour.
You have claws for hands.
Your metabolism is lightning-fast.
You like to eat raw meat.
You heal very quickly.
You are covered in fur (AC +1).
You have very tough skin (AC +2).


Message History

The human hits you with an enchanted hand axe.
The hog bites you!
You claw the human!
The human is almost dead.
The hog barely misses you. The human hits you but does no damage.
You barely miss the human.
The human is almost dead.
The hog bites you!
* * * LOW HITPOINT WARNING * * *
The human hits you with an enchanted hand axe!
* * * LOW HITPOINT WARNING * * *
The hog barely misses you.
You barely miss the hog. The hog bites you!
* * * LOW HITPOINT WARNING * * *
Evoke which item? (* to show all) (? for menu, Esc to quit)
You draw a card...
It is Pain.
Your flayed ghost stares at the hog with tortured malice.
The hog bites you!
You die...
Your body glows slightly and disappears.

....................
....................
........########....
#######.....# #....
#.....#.....# #)...
#.....#.....# #....
###'###.....########....
#%..†Y#.#...............
#%%.Yph@W....#########..
#######......#
#......'....#
#......#....#
########....#
...........#
...>.......#
####.......# #....####


You could see a yak, a hog, a human, a sheep and a friendly flayed ghost.

Vanquished Creatures
  Erolcha (D:8)
  Prince Ribbit (D:8)
  A hungry ghost (D:8)
  A hippogriff (D:7)
  A hog (D:9)
  A water moccasin (D:7)
  2 orc warriors (D:8)
  2 ice beasts
  A sky beast (D:6)
  2 ogres
  2 centaurs
  A phantom (D:7)
  6 giant frogs
  A scorpion (D:6)
  2 crimson imps
  2 giant frog zombies
  A centaur zombie (D:7)
  8 orc wizards
  A giant frog skeleton (D:5)
  4 orc priests
  A gnoll shaman (D:4)
  2 hounds
  A jelly (D:5)
  A centaur skeleton (D:8)
  5 worker ants
  8 gnolls
  10 adders
  A shadow imp (D:4)
  An ooze (D:2)
  2 adder skeletons (D:5)
  A worm (D:3)
  6 giant geckos
  19 orcs
  2 ball pythons
  7 giant cockroaches
  7 goblins
  3 hobgoblins
  15 jackals
  A quokka (D:3)
  9 bats
  A giant gecko skeleton (D:4)
  5 giant newts
  A jackal zombie (D:6)
  10 kobolds
  A quokka skeleton (D:5)
  7 rats
168 creatures vanquished.

Vanquished Creatures (collateral kills)
  A jelly (D:8)
  An orc wizard (D:7)
  2 orcs (D:7)
4 creatures vanquished.

Grand Total: 172 creatures vanquished

Notes
Turn   | Place    | Note
--------------------------------------------------------------
     0 | D:1      | septik the Troll Monk began the quest for the Orb.
     0 | D:1      | Reached XP level 1. HP: 22/22 MP: 0/0
   197 | D:1      | Reached XP level 2. HP: 29/29 MP: 1/1
   423 | D:1      | Found a glowing golden altar of the Shining One.
   700 | D:1      | Reached skill level 5 in Unarmed Combat
   738 | D:1      | Reached XP level 3. HP: 36/36 MP: 2/2
  1227 | D:2      | Reached XP level 4. HP: 44/44 MP: 3/3
  1455 | D:2      | Noticed Terence
  1591 | D:3      | Reached skill level 6 in Unarmed Combat
  1819 | D:3      | Reached XP level 5. HP: 30/50 MP: 4/4
  2548 | D:4      | Reached skill level 7 in Unarmed Combat
  2640 | D:4      | Reached XP level 6. HP: 44/59 MP: 5/5
  2853 | D:4      | Found a staircase to the Ecumenical Temple.
  2878 | Temple   | Entered the Ecumenical Temple
  3001 | Temple   | Became a worshipper of Nemelex Xobeh the Trickster
  3001 | Temple   | Received a gift from Nemelex Xobeh
  3001 | Temple   | Reached * piety under Nemelex Xobeh
  3001 | Temple   | Received a gift from Nemelex Xobeh
  3001 | Temple   | Reached ** piety under Nemelex Xobeh
  3117 | D:5      | Entered Level 5 of the Dungeon
  3158 | D:5      | Reached skill level 1 in Evocations
  3410 | D:5      | Reached skill level 8 in Unarmed Combat
  3410 | D:5      | Reached XP level 7. HP: 46/66 MP: 7/7
  3478 | D:5      | Found a shadowy altar of Dithmenos.
  3557 | D:5      | Received a gift from Nemelex Xobeh
  3816 | D:6      | Found Xifibanu's Magic Scroll Shop.
  3824 | D:6      | Bought a scroll of recharging for 133 gold pieces
  3976 | D:6      | Found a sacrificial altar of Ru.
  3976 | D:6      | Found a burning altar of Makhleb.
  3981 | D:6      | Found an opulent altar of Gozag.
  4068 | D:6      | Received a gift from Nemelex Xobeh
  4172 | D:6      | Found Hipapurch's Gadget Shop.
  4270 | D:6      | Found Ziorevic's Antique Armour Emporium.
  4326 | D:6      | Reached *** piety under Nemelex Xobeh
  4408 | D:6      | Reached XP level 8. HP: 41/74 MP: 9/9
  4561 | D:7      | Reached skill level 9 in Unarmed Combat
  4727 | D:7      | Received a gift from Nemelex Xobeh
  4973 | D:7      | Reached skill level 10 in Unarmed Combat
  4980 | D:7      | Reached skill level 5 in Evocations
  5168 | D:7      | Received a gift from Nemelex Xobeh
  5270 | D:7      | Reached **** piety under Nemelex Xobeh
  5548 | D:8      | Reached XP level 9. HP: 55/80 MP: 11/11
  5652 | D:8      | Found a basalt altar of Yredelemnul.
  5674 | D:8      | Received a gift from Nemelex Xobeh
  5885 | D:8      | Noticed Prince Ribbit
  5889 | D:8      | Killed Prince Ribbit
  5944 | D:8      | Noticed Erolcha
  5959 | D:8      | Killed Erolcha
  5959 | D:8      | Reached skill level 11 in Unarmed Combat
  6041 | D:8      | Found a blossoming altar of Fedhas.
  6147 | D:8      | Found a white marble altar of Elyvilon.
  6397 | D:9      | Received a gift from Nemelex Xobeh
  6533 | D:9      | Reached ***** piety under Nemelex Xobeh
  6570 | D:9      | HP: 4/80 [hog (9)]
  6571 | D:9      | Mangled by a hog

Action                   |  1- 3 |  4- 6 |  7- 9 || total
-------------------------+-------+-------+-------++-------
Melee: Unarmed           |   121 |   118 |   237 ||   476
 Fire: Hunting sling     |       |    83 |       ||    83
Throw: Stone             |     4 |       |       ||     4
Evoke: Deck              |       |       |     7 ||     7
  Use: Scroll            |       |     6 |       ||     6
 Stab: Sleeping          |     5 |     2 |     1 ||     8
  Eat: Chunk             |    17 |    18 |    30 ||    65
